 Dungeon Crawl Stone Soup version 0.27.0-1-g7a089689b8 (webtiles) character file.

Game seed: 9417488994992932769

35492 robertstho the Thaumaturge (level 14, -1/92 HPs)
             Began as a Djinni Fire Elementalist on Aug 3, 2021.
             Was an Initiate of Gozag.
             Engulfed by a cloud of freezing vapour (18 damage)
             ... in an ice cave.
             The game lasted 00:36:01 (16311 turns).

robertstho the Thaumaturge (DjFE)                  Turns: 16311, Time: 00:36:02

Health: -1/92      AC:  7    Str:  7    XL:     14   Next: 18%
Gold:   713        EV: 15    Int: 22    God:    Gozag SH:  8 Dex: 20

rFire    + + +     SeeInvis +   o - +0 long sword (protect)
rCold    . . .     Faith    .   S - +0 kite shield {rF+}
rNeg     . . .     Spirit   .   P - +2 robe {rC+ rF+}
rPois    ∞         Reflect  .   d - +0 helmet {SInv}
rElec    .         Harm     .   N - +0 cloak
rCorr    +         Rampage  .   r - +0 pair of gloves "Miqoz" {+Blink}
Will     +....                  (boots unavailable)
Stlth    +++.......             A - amulet of regeneration
HPRegen  1.25/turn              H - ring of resist corrosion
MPRegen  0.00/turn              v - +6 ring of dexterity

@: gold aura, flying
A: sickness immunity, fire resistance 2, cold vulnerability 1, float, innate
caster, hp casting, extra vitality 1
a: Renounce Religion, Evoke Blink, Potion Petition, Call Merchant, Bribe Branch


You were in an ice cave.
You worshipped Gozag.
Gozag was pleased with you.
You visited 2 branches of the dungeon, and saw 13 of its levels.
You also visited: Sewer, Bailey and Ice Cave.

You collected 2809 gold pieces.
You spent 1275 gold pieces at shops.
You paid 821 gold pieces to Gozag.

Inventory:

Hand Weapons
 a - a +2 great sword of holy wrath
 n - a +0 battleaxe of flaming
 o - a +0 long sword of protection (weapon)
 x - a +1 short sword of venom
 M - a +0 war axe of flaming
Missiles
 q - 2 throwing nets
Armour
 b - +0 steam dragon scales
 d - a +0 helmet of see invisible (worn)
 r - the +0 pair of gloves "Miqoz" (worn) {+Blink}
   (You found it on level 5 of the Dungeon)

   +Blink:    It lets you blink.
 E - a +1 ring mail of fire resistance
 N - a +0 cloak (worn)
 P - a +2 robe of resistance (worn)
 S - a +0 kite shield of fire resistance (worn)
Jewellery
 g - a ring of willpower
 v - a +6 ring of dexterity (right hand)
 A - an amulet of regeneration (around neck)
 H - a ring of resist corrosion (left hand)
 T - an amulet of the acrobat
 V - a ring of fire
Wands
 y - a wand of iceblast (9)
 F - a wand of polymorph (12)
 G - a wand of flame (34)
 Q - a wand of paralysis (14)
 R - a wand of charming (8)
Scrolls
 e - a scroll of holy word
 f - 3 scrolls of silence {unknown}
 i - 3 scrolls of fear {unknown}
 j - 3 scrolls of vulnerability {unknown}
 k - 5 scrolls of amnesia {unknown}
 l - 2 scrolls of fog
 t - 7 scrolls of enchant weapon
 u - 2 scrolls of teleportation
 z - 4 scrolls of enchant armour
 D - 2 scrolls of summoning
 O - 3 scrolls of magic mapping
 U - a scroll of torment
Potions
 c - 3 potions of ambrosia
 h - 3 potions of lignification
 m - a potion of invisibility
 p - 7 potions of haste
 s - 3 potions of curing
 w - 2 potions of heal wounds
 B - a potion of might {unknown}
 C - a potion of mutation {unknown}
 I - 2 potions of brilliance {unknown}
 J - a potion of resistance {unknown}
 K - a potion of cancellation
Miscellaneous
 L - a condenser vane


   Skills:
 + Level 5.1 Fighting
 + Level 1.8(4.2) Short Blades
 + Level 6.0(6.1) Long Blades
 + Level 1.6 Axes
 + Level 3.2 Armour
 + Level 8.0 Dodging
 + Level 5.3 Stealth
 + Level 2.4 Shields
 + Level 14.3 Spellcasting
 + Level 3.2 Evocations


You had 7 spell levels left.
You knew the following spells:

 Your Spells              Type           Power      Damage    Failure   Level
a - Foxfire               Conj/Fire      100%       2x1d9     1%          1
b - Conjure Flame         Conj/Fire      68%        6-21      1%          3
c - Inner Flame           Hex/Fire       68%        N/A       1%          3
d - Sticky Flame          Conj/Fire      68%        2d8       1%          4
e - Fireball              Conj/Fire      34%        3d14      1%          5
f - Shock                 Conj/Air       100%       1d9       1%          1
g - Static Discharge      Conj/Air       68%        N/A       1%          2
h - Slow                  Hex            68%        N/A       1%          2
i - Animate Armour        Summ/Erth      100%       N/A       1%          4
j - Olgreb's Toxic Radia  Pois           68%        N/A       1%          4
k - Summon Mana Viper     Hex/Summ       68%        N/A       1%          5
Your spell library was empty.

Dungeon Overview and Level Annotations

Branches:
Dungeon (12/15)            Temple (0/1) D:7            Lair (1/6) D:10
    Orc (0/2) D:10          Sewer (visited)          Bailey (visited)
  IceCv (1/1)

Altars:
Ashenzari
Dithmenos
Gozag
Vehumet
Xom

Shops:
D:6 [[   D:10 :   D:11 *   D:12 ?

Annotations:
IceCv exclusion: ice statue


Innate Abilities, Weirdness & Mutations

You are immune to sickness and miasma.
You are immune to poison.
Your flesh is very heat resistant. (rF++)
You are vulnerable to cold. (rC-)
You float through the air rather than walking.
You learn spells naturally, not from books.
Your magical power is your life essence.
You have superior vitality. (+4 HP)


Message History

Aim: an ice statue The fireball explodes!
The fireball engulfs the ice statue!!
The ice statue melts!
The ice statue is moderately damaged.
The fireball engulfs the ice beast!
The ice beast melts!
The ice beast is moderately wounded.
Unknown command.
Casting: Fireball (dangerous; 1% risk of failure)
Confirm with . or Enter, or press ? or * to list all spells.
Aiming: Fireball (dangerous; 1% risk of failure)
Press: ? - help, Shift-Dir - straight line, f/p - ice statue
Aim: an ice statue (moderately damaged)
The fireball explodes!
The fireball engulfs the ice beast!!
The ice beast melts!
You kill the ice beast!
The fireball engulfs the ice statue!!!
The ice statue melts!
The ice statue is almost destroyed.
The ice statue gestures.
The ice statue gestures at you. The freezing blast engulfs you!!
Unknown command.
Casting: Fireball (dangerous; 1% risk of failure)
Confirm with . or Enter, or press ? or * to list all spells.
Aiming: Fireball (dangerous; 1% risk of failure)
Press: ? - help, Shift-Dir - straight line, f/p - ice statue
Aim: an ice statue (almost destroyed)
The fireball explodes!
The fireball engulfs the ice statue!!
The ice statue melts!
You destroy the ice statue!
You are engulfed in freezing vapours.
The ice statue gestures at you. The shard of ice hits you!!
* * * LOW HITPOINT WARNING * * *
Unknown command.
Okay, then.
You feel much better.
You are engulfed in freezing vapours.
* * * LOW HITPOINT WARNING * * *
Unknown command.
You are engulfed in freezing vapours.
You die...
Your body crumbles into a pile of gold.

#####
##...#####
##........##
#..........##
##..........#
#....$○$$....
#..@§☼.$Y...
#..☼○○.....#
#$#○○○.#8###
####..##
##...#
##..#.≈≈≈.#
#..##≈≈≈#..
#...#####
##...##


You could see an ice statue and an ice beast (summoned).

Vanquished Creatures
  Nessos (D:12)
  An ettin (D:12)
  2 boulder beetles
  A centaur warrior (D:12)
  6 two-headed ogres
  A deep troll earth mage (D:12)
  Sonja (D:12)
  A death drake (shapeshifter) (D:12)
  2 orc knights (Bailey)
  A flayed ghost (D:12)
  3 cyclopes
  A manticore (D:12)
  Joseph (D:10)
  An ice statue (IceCv)
  A gargoyle (D:9)
  An unseen horror (shapeshifter) (D:12)
  A rime drake (Lair:1)
  3 kobold demonologists
  An ice devil (IceCv)
  Psyche (D:10)
  A tengu conjurer (D:12)
  4 trolls
  A hornet (D:11)
  4 slime creatures (D:12)
  A vampire (D:8)
  26 yaks
  2 wraiths
  5 wyverns
  4 steam dragons
  2 acid dragons
  5 water moccasins
  2 floating eyes (D:9)
  A sky beast (D:7)
  An ice beast (D:7)
  16 orc warriors
  A necrophage (D:4)
  2 ogres
  5 centaurs
  9 kobold brigands
  3 bullfrogs
  A scorpion (D:10)
  A two-headed ogre simulacrum (IceCv)
  A cane toad simulacrum (Lair:1)
  10 killer bees
  3 elephant simulacra
  3 wights (D:9)
  An electric eel (D:8)
  8 howler monkeys
  6 centaur zombies
  A bullfrog zombie (D:5)
  A hound (D:5)
  2 jellies
  A centaur skeleton (D:7)
  A gnoll shaman (D:9)
  3 orc priests
  6 iguanas
  8 orc wizards
  2 spriggan simulacra (IceCv)
  A troll simulacrum (IceCv)
  A killer bee zombie (D:9)
  2 howler monkey zombies
  Robin (D:3)
  19 gnolls
  5 adders
  A shadow imp (D:6)
  2 white imps
  3 ufetubi
  2 adder skeletons (D:4)
  8 worms
  3 dart slugs
  61 orcs
  9 endoplasms
  3 giant cockroaches
  26 goblins
  9 hobgoblins
  15 jackals
  6 quokkas
  6 ball pythons
  12 bats
  8 frilled lizards
  14 kobolds
  6 rats
  A bush (D:10)
409 creatures vanquished.

Vanquished Creatures (collateral kills)
  3 slime creatures (D:12)
  5 foxfires (D:1)
8 creatures vanquished.

Vanquished Creatures (others)
  A wight (D:9)
  5 demonic plants (D:1)
  873 foxfires
  5 fungi
  14 plants (D:10)
  A withered plant (D:1)
899 creatures vanquished.

Grand Total: 1316 creatures vanquished

Notes
Turn   | Place    | Note
-------+----------+-------------------------------------------
     0 | D:1      | robertstho the Djinni Fire Elementalist began the quest for
                  | the Orb.
     0 | D:1      | Reached XP level 1. HP: 15/15 MP: 0/0
   549 | D:1      | Reached XP level 2. HP: 17/21 MP: 0/0
   915 | D:1      | Reached skill level 3 in Spellcasting
   916 | D:1      | Reached XP level 3. HP: 20/25 MP: 0/0
   916 | D:1      | Learned a level 1 spell: Shock
  1377 | D:1      | Found a faded altar of an unknown god.
  1790 | D:1      | Reached XP level 4. HP: 30/31 MP: 0/0
  2948 | D:2      | Reached XP level 5. HP: 19/35 MP: 0/0
  2948 | D:2      | Learned a level 2 spell: Static Discharge
  3355 | D:2      | Reached skill level 4 in Spellcasting
  5280 | D:3      | Noticed Robin
  5287 | D:3      | Killed Robin
  5288 | D:3      | Reached XP level 6. HP: 17/40 MP: 0/0
  6347 | D:4      | Reached skill level 5 in Spellcasting
  6615 | D:4      | Noticed a necrophage
  6627 | D:4      | Killed a necrophage
  6628 | D:4      | Reached XP level 7. HP: 14/46 MP: 0/0
  6628 | D:4      | Learned a level 2 spell: Slow
  6976 | D:5      | Entered Level 5 of the Dungeon
  6993 | D:5      | Identified a scroll of acquirement
  6994 | D:5      | Acquired a +0 helmet of see invisible
  7843 | D:5      | Reached skill level 6 in Spellcasting
  7845 | D:5      | Reached XP level 8. HP: 30/51 MP: 0/0
  8134 | D:5      | Identified the +0 pair of gloves "Miqoz" {+Blink}
  8544 | D:6      | Found a glowing drain.
  8548 | Sewer    | Entered a sewer
  8552 | Sewer    | Reached skill level 1 in Long Blades
  8819 | Sewer    | Reached skill level 1 in Fighting
  9386 | D:6      | Found Heehoon's Armour Shoppe.
  9396 | D:6      | Bought a +1 ring mail of fire resistance for 176 gold
                  | pieces
  9675 | D:6      | Acquired a +2 great sword of holy wrath
  9969 | D:6      | Reached XP level 9. HP: 50/58 MP: 0/0
  9969 | D:6      | Learned a level 4 spell: Animate Armour
 10157 | D:6      | Found Yzirghim's Armour Emporium.
 10168 | D:6      | Reached skill level 7 in Spellcasting
 10335 | D:7      | Noticed a two-headed ogre
 10563 | D:7      | Found an opulent altar of Gozag.
 10630 | D:7      | Killed a two-headed ogre
 10631 | D:7      | Reached skill level 8 in Spellcasting
 10638 | D:7      | Became a worshipper of Gozag Ym Sagoz the Greedy
 10712 | D:7      | Found a staircase to the Ecumenical Temple.
 11053 | D:7      | Reached XP level 10. HP: 65/65 MP: 0/0
 11130 | D:7      | Reached skill level 5 in Dodging
 11297 | D:8      | Reached skill level 9 in Spellcasting
 11385 | D:8      | Found a broken altar of Ashenzari.
 11833 | D:8      | Noticed a kobold demonologist
 11840 | D:8      | Killed a kobold demonologist
 12210 | D:9      | Noticed a gargoyle
 12211 | D:9      | Killed a gargoyle
 12212 | D:9      | Reached skill level 10 in Spellcasting
 12234 | D:9      | Found a flagged portal.
 12257 | Bailey   | Entered a bailey
 12342 | Bailey   | Reached XP level 11. HP: 55/71 MP: 0/0
 12342 | Bailey   | Learned a level 4 spell: Olgreb's Toxic Radiance
 12404 | Bailey   | Reached skill level 1 in Short Blades
 12404 | Bailey   | Reached skill level 5 in Long Blades
 12404 | Bailey   | Reached skill level 1 in Axes
 12404 | Bailey   | Reached XP level 12. HP: 80/80 MP: 0/0
 12702 | D:9      | Reached skill level 11 in Spellcasting
 12715 | D:9      | Noticed a two-headed ogre
 12809 | D:9      | Killed a two-headed ogre
 13502 | D:10     | Entered Level 10 of the Dungeon
 13585 | D:10     | Noticed Joseph
 13590 | D:10     | Killed Joseph
 13614 | D:10     | Reached skill level 12 in Spellcasting
 13720 | D:10     | Found a staircase to the Lair.
 13804 | D:10     | Reached XP level 13. HP: 57/85 MP: 0/0
 13804 | D:10     | Learned a level 5 spell: Summon Mana Viper
 13920 | D:10     | Found a staircase to the Orcish Mines.
 14010 | D:10     | Found Ycemia Kaewn's Book Shoppe.
 14109 | D:10     | Found a shimmering altar of Xom.
 14353 | D:10     | Noticed Psyche
 14358 | D:10     | Killed Psyche
 14534 | D:11     | Bought a scroll labelled VOROUPNIKK for 28 gold pieces
 14534 | D:11     | Bought a scroll labelled RETURA PICAEH for 28 gold pieces
 14534 | D:11     | Bought a scroll labelled LOSIDI QEFAEC for 28 gold pieces
 14534 | D:11     | Bought a sharpened copper wand for 112 gold pieces
 14534 | D:11     | Bought a scroll of identify for 56 gold pieces
 14534 | D:11     | Bought a wand of paralysis (10) for 56 gold pieces
 14534 | D:11     | Bought a shiny kite shield for 210 gold pieces
 14534 | D:11     | Bought a scroll of summoning for 266 gold pieces
 14598 | D:11     | Found a shadowy altar of Dithmenos.
 14611 | D:11     | Noticed a boulder beetle
 14617 | D:11     | Killed a boulder beetle
 14695 | D:11     | Reached skill level 5 in Stealth
 15052 | D:11     | Reached skill level 13 in Spellcasting
 15170 | D:12     | Noticed Sonja
 15173 | D:12     | Killed Sonja
 15177 | D:12     | Found Usch's Magic Scroll Boutique.
 15204 | D:12     | Bought a scroll of teleportation for 42 gold pieces
 15204 | D:12     | Bought a scroll of magic mapping for 49 gold pieces
 15204 | D:12     | Bought a scroll of magic mapping for 49 gold pieces
 15204 | D:12     | Bought a scroll of teleportation for 42 gold pieces
 15204 | D:12     | Bought a scroll of identify for 28 gold pieces
 15204 | D:12     | Bought a scroll of torment for 105 gold pieces
 15315 | D:12     | Noticed a centaur warrior
 15323 | D:12     | Noticed an ettin
 15327 | D:12     | Killed a centaur warrior
 15329 | D:12     | Noticed an ice dragon
 15329 | D:12     | an alligator changed into an ice dragon
 15330 | D:12     | Noticed Nessos
 15331 | D:12     | Noticed a quicksilver ooze
 15331 | D:12     | an ice dragon changed into a quicksilver ooze
 15334 | D:12     | Noticed a fire dragon
 15334 | D:12     | a quicksilver ooze changed into a fire dragon
 15335 | D:12     | Noticed an ettin
 15335 | D:12     | a fire dragon changed into an ettin
 15337 | D:12     | Noticed a fire dragon
 15337 | D:12     | an ettin changed into a fire dragon
 15338 | D:12     | Killed an ettin
 15549 | D:12     | Killed Nessos
 15550 | D:12     | Reached skill level 5 in Fighting
 15550 | D:12     | Reached skill level 14 in Spellcasting
 15550 | D:12     | Reached XP level 14. HP: 32/92 MP: 0/0
 16137 | Lair:1   | Entered Level 1 of the Lair of Beasts
 16137 | Lair:1   | Found a frozen archway.
 16247 | IceCv    | Entered an ice cave
 16311 | IceCv    | Engulfed by a cloud of freezing vapour

Illustrated notes

Levels and vault maps discovered:
D:1:      onia_arrival_mini_maze, layout_loops_ring,
          shapermc_ecumenical_altar_gd
D:2:      minmay_inner_zag, layout_loops_ring, grunt_ministairs_15,
          grunt_decor_clamped
D:3:      layout_basic, uniq_robin
D:4:      layout_cave_pools, grunt_ministairs_3
D:5:      layout_loops_ring, guppyfry_early_orc_mine
D:6:      layout_gridville, serial_shops, shop, shop_statue,
          gup_sewer_entry_spiral
D:7:      layout_basic, minmay_temple_entry_metal_lava, hangedman_feature_mirror
D:8:      layout_basic, evilmike_ruin_ashenzari, chequers_serial_rivers_large_a
D:9:      layout_loops_ring, enter_bailey_5, onia_ninara_cookie
D:10:     layout_irregular_city, amcnicky_altar_gilded, minmay_lair_entry_grove,
          orc_0_dummy, serial_shops, shop, minmay_misc_feat_alley, st_stairs_12,
          uniq_psyche, uniq_joseph
D:11:     layout_irregular_city, grunt_decor_fettered,
          nicolae_dithmenos_shadow_blocks
D:12:     minmay_strange_plus, layout_irregular_city, serial_shops, shop,
          uniq_nessos, uniq_sonja
Lair:1:   layout_cave_pods, portal_ice_cave_entry_ice_simulacra,
          grunt_megastairs_5
IceCv:    ice_cave_small_demon

Skill      XL: |  1  2  3  4  5  6  7  8  9 10 11 12 13 14 |
---------------+-------------------------------------------+-----
Spellcasting   | 3 4 5 6 8 10 12 14 | 14.3
Stealth        | 2 3 4 5 |  5.3
Dodging        | 3 4 6 7 8 |  8.0
Long Blades    | 3 4 5 6 |  6.0
Fighting       | 1 2 3 4 5 |  5.1
Short Blades   | 1 |  1.8
Axes           | 1 |  1.6
Armour         | 3 |  3.2
Shields        | 2 |  2.4
Evocations     | 3 |  3.2

Action                   |  1- 3 |  4- 6 |  7- 9 | 10-12 | 13-15 || total
-------------------------+-------+-------+-------+-------+-------++-------
Melee: Long sword        |       |     2 |    46 |    13 |    14 ||    75
       Great sword       |       |       |       |     3 |       ||     3
 Cast: Foxfire           |    80 |   240 |   204 |    20 |       ||   544
       Sticky Flame      |       |     3 |    14 |    15 |    24 ||    56
       Fireball          |       |       |     1 |   138 |    84 ||   223
       Conjure Flame     |       |       |     1 |       |       ||     1
       Olgreb's Toxic Ra |       |       |       |    26 |    31 ||    57
       Static Discharge  |       |       |       |     1 |     2 ||     3
       Summon Mana Viper |       |       |       |       |     4 ||     4
Invok: Call Merchant     |       |       |       |       |     1 ||     1
  Use: Scroll            |       |       |    13 |     1 |     5 ||    19
       Potion            |       |       |       |     1 |     4 ||     5
 Stab: Sleeping          |       |       |     2 |       |       ||     2
Armor: Robe              |     2 |    10 |    13 |       |       ||    25
       Ring mail         |       |       |     3 |       |       ||     3
       Steam dragon scal |       |       |    10 |    20 |    21 ||    51
Dodge: Dodged            |     7 |    49 |    66 |    39 |    37 ||   198
Block: Kite shield       |       |       |       |       |    14 ||    14
       Rpst.: Long sword |       |     5 |    13 |     7 |     6 ||    31
